Map: Dusk Towers

Players

ILLBdA

  • Race: Protoss Protoss
  • League: Platinum

WiseKRT - Winner!

  • Race: Zerg Zerg
  • League: Diamond

VOD

Have the link to the VOD?

Description

Time

  • Played on: Dec. 14, 2015, 12:38 a.m.
  • Length: 11:33
Show
View Real Time Build Order
Export as new Build Order

ILLBdA Protoss 

Build Orders: Mass Adepts 

Get SALT Encoding   

  12  0:01  Probe (Chrono Boost)  
  13  0:11  Probe (Chrono Boost)  
  14  0:19  Pylon  
  14  0:24  Probe (Chrono Boost)  
  15  0:37  Probe (Chrono Boost)  
  15  0:42  Pylon  
  16  1:00  Gateway  
  16  1:01  Gateway  
  16  1:07  Gateway  
  16  1:13  Assimilator  
  16  1:47  Cybernetics Core  
  16  1:50  Zealot (Chrono Boost)  
  16  1:51  Zealot (Chrono Boost)  
  16  1:54  Zealot (Chrono Boost)  
  22  2:27  Stalker (Chrono Boost)  
  22  2:28  Adept (Chrono Boost)  
  26  2:32  Adept (Chrono Boost)  
  28  2:56  Adept (Chrono Boost)  
  28  3:10  Adept x2 (Chrono Boost)  
  28  3:33  Adept (Chrono Boost)  
  30  3:39  Pylon  
  30  3:58  Adept (Chrono Boost)  
  30  4:01  Adept (Chrono Boost)  
  36  4:11  Adept (Chrono Boost)  
  36  4:12  Nexus, Pylon  
  40  4:39  Adept (Chrono Boost)  
  40  4:40  Adept (Chrono Boost)  
  40  4:53  Adept (Chrono Boost)  
  40  5:10  Probe  
  41  5:21  Assimilator  
  41  5:22  Probe  
  41  5:23  Probe  
  41  5:29  Warp Gate  
  41  5:34  Probe x2  
  42  5:39  Pylon  
  43  5:44  Probe  
  43  5:46  Probe  
  44  5:55  Probe  
  45  5:58  Probe  
  46  6:04  Forge  
  46  6:05  Gateway  
  46  6:06  Probe  
  48  6:12  Mothership Core  
  48  6:16  Probe  
  50  6:26  Robotics Facility  
  50  6:27  Probe  
  50  6:32  Probe  
  51  6:37  Probe  
  51  6:38  Photon Cannon  
  53  6:41  Pylon  
  53  6:42  Probe  
  54  6:48  Probe  
  54  6:53  Probe  
  55  7:01  Sentry (Chrono Boost)  
  58  7:08  Probe  
  59  7:13  Photon Cannon  
  59  7:24  Sentry (Chrono Boost)  
  61  7:30  Pylon  
  61  7:31  Pylon  
  61  7:33  Immortal  
  61  7:34  Gateway  
  61  7:35  Gateway  
  65  7:38  Gateway  
  65  7:48  Probe, Assimilator  
  65  7:50  Probe  
  67  7:54  Assimilator  
  67  7:55  Sentry  
  69  7:59  Probe  
  70  8:08  Probe  
  70  8:09  Probe  
  70  8:12  Observer  
  73  8:16  Sentry  
  76  8:27  Probe  
  76  8:42  Immortal  
  76  8:43  Nexus  
  76  8:45  Sentry x2  
  76  8:48  Pylon  
  84  8:49  Pylon  
  84  8:51  Pylon  
  84  8:52  Probe  
  84  8:54  Probe  
  84  8:55  Pylon  
  86  9:01  Protoss Ground Weapons Level 1 (Chrono Boost)  
  86  9:04  Probe  
  86  9:06  Probe  
  88  9:10  Sentry  
  88  9:11  Adept x2  
  94  9:21  Probe, Warp Prism  
  94  9:22  Sentry  
  99  9:24  Probe  
  98  9:34  Stalker x2  
  100  9:40  Stalker  
  90  9:54  Stalker  
  92  10:01  Stalker x2  
  96  10:07  Photon Cannon  
  96  10:08  Stalker, Photon Cannon  
  95  10:20  Stalker  
  93  10:33  Probe  
  94  10:37  Nexus  
  94  10:39  Photon Cannon  
  94  10:41  Photon Cannon  
  94  10:48  Twilight Council  
  94  10:55  Photon Cannon  
  94  10:58  Observer  
  95  11:18  Stalker x3  
  92  11:19  Stalker  
Show
View Real Time Build Order
Export as new Build Order

WiseKRT Zerg - Winner!

Build Orders: Hatch First 

Get SALT Encoding   

  12  0:02  Drone  
  13  0:07  Drone  
  14  0:17  Overlord  
  14  0:35  Drone x2  
  16  0:36  Drone  
  17  0:46  Drone  
  18  0:58  Drone  
  18  0:59  Hatchery  
  18  1:11  Drone  
  19  1:19  Spawning Pool  
  19  1:20  Drone  
  19  1:40  Drone  
  19  1:41  Overlord  
  20  1:53  Hatchery  
  19  1:58  Extractor  
  19  1:59  Drone  
  19  2:10  Queen  
  19  2:13  Zergling x2  
  19  2:14  Zergling x2  
  19  2:15  Drone  
  24  2:19  Queen  
  26  2:27  Drone x2  
  28  2:38  Zergling x4  
  30  2:49  Spine Crawler  
  29  2:52  Zergling x4  
  29  2:57  Zergling x4  
  32  3:02  Spine Crawler  
  25  3:35  Queen  
  25  3:41  Zergling x2  
  25  3:44  Drone x2  
  28  3:53  Roach Warren  
  27  4:00  Drone  
  27  4:01  Drone  
  29  4:07  Drone x2  
  31  4:14  Overlord  
  29  4:30  Overlord  
  29  4:39  Roach x4  
  37  4:48  Roach  
  37  4:49  Roach  
  37  5:18  Drone  
  37  5:20  Overlord  
  38  5:23  Hatchery  
  37  5:46  Hatchery  
  37  5:47  Drone x4  
  40  5:54  Roach  
  42  6:01  Roach x2  
  46  6:11  Lair  
  46  6:12  Extractor  
  45  6:19  Drone, Overlord  
  46  6:37  Drone x3, Overlord  
  46  6:38  Drone  
  50  6:59  Drone x2  
  52  7:04  Drone x2  
  54  7:10  Queen  
  54  7:11  Drone x2  
  58  7:18  Spire, Extractor  
  58  7:19  Extractor  
  58  7:20  Drone  
  56  7:29  Drone x3  
  59  7:31  Drone  
  59  7:32  Drone  
  59  7:36  Drone x2  
  63  7:47  Drone x3  
  63  7:51  Drone  
  67  7:52  Overlord  
  67  7:54  Overlord  
  67  7:57  Drone  
  68  8:05  Drone  
  68  8:06  Drone  
  68  8:12  Drone x2  
  72  8:13  Drone  
  72  8:15  Overlord  
  73  8:27  Extractor  
  73  8:29  Mutalisk, Extractor  
  73  8:30  Mutalisk x4  
  73  8:32  Mutalisk  
  83  8:36  Mutalisk  
  83  8:39  Mutalisk  
  87  8:45  Metabolic Boost  
  87  8:55  Mutalisk  
  89  8:56  Drone x4  
  89  9:00  Drone x3  
  89  9:01  Drone  
  97  9:37  Overlord x2  
  97  9:42  Mutalisk  
  97  9:49  Zergling x2  
  97  9:50  Zergling x2  
  97  10:03  Mutalisk  
  97  10:04  Mutalisk x7  
  111  10:26  Zergling x6  
  114  10:38  Overlord x3  
  114  10:39  Hatchery  
  113  10:53  Hatchery  
  112  10:59  Zergling x6  
  112  11:00  Mutalisk x7  
  129  11:05  Mutalisk  
  129  11:06  Mutalisk  
Tags
 
Composition
Mass Adepts
Matchup
PvZ
Replay Pack
me
Add a new tag
Caveats
  • Supply blocks, unpowered buildings, or Contaminate may cause inaccurate times.
  • Supply counts are checked every 10 seconds.